 Dungeon Sprint DCSS version 0.21-a0-414-gba8bdf1 (webtiles) character file.

235 Kidiri the Covered (level 6, -5/41 HPs)
             Began as a Gargoyle Fighter on Nov 2, 2017.
             Was an Initiate of Okawaru.
             Slain by a two-headed ogre
             ... wielding a +0 giant club
              (16 damage)
             ... in the Dungeon (Sprint IX: "|||||||||||||||||||||||||||||").
             The game lasted 00:03:09 (576 turns).

Kidiri the Covered (Gargoyle Fighter)                Turns: 576, Time: 00:03:10

Health: -5/41      AC: 14    Str: 21    XL:     6   Next: 5%
Magic:  6/7        EV: 13    Int:  8    God:    Okawaru [......]
Gold:   0          SH: 10    Dex: 13    Spells: 5/5 levels left

rFire    . . .     SeeInvis .   t - +2 morningstar (holy)
rCold    . . .     Gourm    .   c - +0 shield
rNeg     + . .     Faith    .   y - +2 ring mail
rPois    ∞         Spirit   .   (no helmet)
rElec    +         Reflect  .   (no cloak)
rCorr    .         Harm     .   (no gloves)
MR       .....     NoTele   +   w - +0 pair of boots
Stlth    ++........             (no amulet)
HPRegen  0.13/turn              z - +2 ring of evasion
MPRegen  0.10/turn              A - +3 ring of dexterity

@: no status effects
A: negative energy resistance 1, electricity resistance, unbreathing,
petrification resistance, rot immunity, AC +4
a: Renounce Religion


You were in the Dungeon.
You worshipped Okawaru.
Okawaru was noncommittal.
You were not hungry.

You visited 1 branch

Inventory:

Hand Weapons
 t - a +2 morningstar of holy wrath (weapon)
Armour
 c - a +0 shield (worn)
 w - a +0 pair of boots (worn)
 y - a +2 ring mail (worn)
Jewellery
 z - a +2 ring of evasion (left hand)
 A - a +3 ring of dexterity (right hand)
Wands
 o - a wand of iceblast (7/15)
Scrolls
 k - 2 scrolls of blinking
 m - 3 scrolls of remove curse
 n - 2 scrolls of amnesia
Potions
 d - a potion of might
 e - a potion of invisibility
 h - a potion of haste
 i - 4 potions of magic
 j - 2 potions of heal wounds
 l - 4 potions of curing
Comestibles
 f - a bread ration


   Skills:
 * Level 6.2 Fighting
 * Level 5.1 Maces & Flails
 + Level 2.8 Throwing
 * Level 6.3 Armour
 * Level 3.7 Dodging
 + Level 3.8 Stealth
 * Level 6.1 Shields
 + Level 1.4 Invocations


You had 5 spell levels left.
You didn't know any spells.

Dungeon Overview and Level Annotations

Branches:
Dungeon (1/1)

Altars:
Cheibriados
Dithmenos
Elyvilon
Fedhas
Gozag
Hepliaklqana
Kikubaaqudgha
Makhleb
Nemelex Xobeh
Okawaru
Qazlal
Ru
Sif Muna
Trog
Uskayaw
Vehumet
Wu Jian
Xom
Yredelemnul
Zin
The Shining One
Beogh
Jiyva
Lugonu


Innate Abilities, Weirdness & Mutations

You are resistant to torment.
Your stone body is resilient. (AC +4)
You are immune to poison.
You resist negative energy. (rN+)
You are resistant to electric shocks. (rElec)
You can survive without breathing.
You are immune to petrification.
You are immune to rotting.


Message History

You hit the two-headed ogre but do no damage.
The two-headed ogre is moderately wounded.
The two-headed ogre misses you.
The two-headed ogre hits you but does no damage.
You hit the two-headed ogre.
The two-headed ogre is heavily wounded.
You block the two-headed ogre's attack. x2
You hit the two-headed ogre.
The two-headed ogre is heavily wounded.
The two-headed ogre closely misses you. The two-headed ogre misses you.
You barely miss the two-headed ogre.
The two-headed ogre is heavily wounded.
The two-headed ogre hits you with a giant club!
You block the two-headed ogre's attack.
You puncture the two-headed ogre!
The two-headed ogre is severely wounded.
The two-headed ogre hits you with a giant club!
* * * LOW HITPOINT WARNING * * *
The two-headed ogre hits you with a giant spiked club!
You die... ▓▓▓▓▓▓▓▓▓▓▓▓▓▓▓▓▓▓▓▓▓▓▓▓ ..KghhO@........'_______ ▓▓▓▓▓▓▓▓▓▓▓▓▓▓▓▓▓▓▓▓▓▓▓▓

You could see a two-headed ogre, a big kobold, a gnoll sergeant and 2 hounds.

Vanquished Creatures
  An ogre (D)
  A crimson imp (D)
  A hound (D)
  A gnoll shaman (D)
  An orc wizard (D)
  A worker ant (D)
  A leopard gecko (D)
  A bat (D)
  A hobgoblin (D)
  A frilled lizard (D)
  A rat (D)
11 creatures vanquished.

Notes
Turn   | Place    | Note
-------+----------+-------------------------------------------
     0 | D        | Kidiri the Gargoyle Fighter began the quest for the Orb.
     0 | D        | Reached XP level 1. HP: 14/14 MP: 1/1
    37 | D        | Reached skill level 1 in Stealth
   278 | D        | Noticed a worker ant
   278 | D        | Noticed an orc wizard
   278 | D        | Noticed a gnoll shaman
   278 | D        | Noticed a hound
   278 | D        | Noticed a crimson imp
   281 | D        | Killed a crimson imp
   281 | D        | Reached skill level 1 in Throwing
   281 | D        | Reached skill level 1 in Dodging
   281 | D        | Reached XP level 2. HP: 20/20 MP: 2/2
   281 | D        | Reached XP level 3. HP: 24/24 MP: 3/3
   290 | D        | Reached XP level 4. HP: 30/30 MP: 4/4
   298 | D        | Reached skill level 5 in Fighting
   298 | D        | Reached skill level 5 in Armour
   298 | D        | Reached skill level 5 in Shields
   345 | D        | Reached XP level 5. HP: 23/35 MP: 5/5
   390 | D        | Found a roughly hewn altar of Beogh.
   390 | D        | Found a snail-covered altar of Cheibriados.
   390 | D        | Found a shadowy altar of Dithmenos.
   390 | D        | Found a white marble altar of Elyvilon.
   390 | D        | Found a blossoming altar of Fedhas.
   390 | D        | Found an opulent altar of Gozag.
   391 | D        | Found a hazy altar of Hepliaklqana.
   392 | D        | Found a viscous altar of Jiyva.
   393 | D        | Found an ancient bone altar of Kikubaaqudgha.
   394 | D        | Found a corrupted altar of Lugonu.
   395 | D        | Found a burning altar of Makhleb.
   396 | D        | Found a sparkling altar of Nemelex Xobeh.
   397 | D        | Found an iron altar of Okawaru.
   398 | D        | Found a stormy altar of Qazlal.
   399 | D        | Found a sacrificial altar of Ru.
   400 | D        | Found a deep blue altar of Sif Muna.
   401 | D        | Found a bloodstained altar of Trog.
   402 | D        | Found a hide-covered altar of Uskayaw.
   403 | D        | Found a radiant altar of Vehumet.
   404 | D        | Found an ornate altar of the Wu Jian Council.
   405 | D        | Became a worshipper of Warmaster Okawaru
   406 | D        | Found a shimmering altar of Xom.
   407 | D        | Found a basalt altar of Yredelemnul.
   408 | D        | Found a glowing silver altar of Zin.
   409 | D        | Found a glowing golden altar of the Shining One.
   565 | D        | Noticed a big kobold
   565 | D        | Noticed a two-headed ogre
   565 | D        | Noticed an ogre
   569 | D        | Killed an ogre
   569 | D        | Reached skill level 5 in Maces & Flails
   569 | D        | Reached skill level 1 in Invocations
   569 | D        | Reached XP level 6. HP: 41/41 MP: 5/7
   576 | D        | Slain by a two-headed ogre

Vault maps used:
D:        linesprint

Skill      XL: |  1  2  3  4  5 |
---------------+----------------+-----
Stealth        | 1 2 3 |  3.8
Fighting       | 4 5 6 |  6.2
Maces & Flails | 3 4 5 |  5.1
Throwing       | 1 2 |  2.8
Armour         | 4 5 6 |  6.3
Dodging        | 1 2 3 |  3.7
Shields        | 4 5 6 |  6.1
Invocations    | 1 |  1.4

Action                   |  1- 3 |  4- 6 || total
-------------------------+-------+-------++-------
Melee: Flail             |    40 |    46 ||    86
       Morningstar       |       |    11 ||    11
  Use: Potion            |     1 |     2 ||     3
Armor: Scale mail        |    18 |    29 ||    47
       Ring mail         |       |     2 ||     2
Dodge: Dodged            |     7 |    13 ||    20
Block: Shield            |    18 |    15 ||    33

Table legend:
 A = Spawn XP
 B = Non-spawn XP
 C = Spawn XP percentage of total XP
 D = Spawn monster count
 E = Non-spawn monster count
 F = Spawn count percentage of total count
 G = Total turns spent on level
                    A         B        C        D         E        F      G
               +---------+---------+-------+---------+---------+-------+---------
         Total |       0 |     336 |   0.0 |       0 |      11 |   0.0 |   576
               +---------+---------+-------+---------+---------+-------+---------
             D |       0 |     336 |   0.0 |       0 |      11 |   0.0 |   576
               +---------+---------+-------+---------+---------+-------+---------
